 Dungeon Crawl Stone Soup version 0.20.1-1-g8b1a95d (webtiles) character file.

62 empire the Digger (level 3, -1/28 HPs)
             Began as a Deep Dwarf Earth Elementalist on Sept 21, 2017.
             Killed from afar by Sigmund (4 damage)
             ... with a magic dart
             ... on level 3 of the Dungeon.
             The game lasted 00:09:05 (2294 turns).

empire the Digger (Deep Dwarf Earth Elementalist)   Turns: 2294, Time: 00:09:05

Health: -1/28      AC:  2    Str: 11    XL:     3   Next: 85%
Magic:  6/6        EV: 13    Int: 16    God:
Gold:   88         SH:  0    Dex: 13    Spells: 0/6 levels left

rFire    x . .     SeeInvis .   a - +0 mace
rCold    + . .     Gourm    .   (no shield)
rNeg     . . .     Faith    .   c - +0 robe
rPois    .         Spirit   .   (no helmet)
rElec    .         Reflect  .   (no cloak)
rCorr    .         Harm     .   (no gloves)
MR       .....                  (no boots)
Stlth    ++........             (no amulet)
Regen    0.0/turn               j - ring of ice
MPRegen  0.1/turn               (no ring)

@: non-regenerating
A: damage resistance, heal wounds, sense surroundings 1, no regeneration
a: Heal Wounds


You were on level 3 of the Dungeon.
You were not hungry.

You visited 1 branch of the dungeon, and saw 3 of its levels.

You collected 88 gold pieces.

Inventory:

Hand Weapons
 a - a +0 mace (weapon)
 x - a +0 hand axe of draining
Missiles
 b - 11 sling bullets (quivered)
Armour
 c - a +0 robe (worn)
Jewellery
 j - a ring of ice (left hand)
Scrolls
 h - 2 scrolls of amnesia
 k - a scroll of magic mapping {unknown}
 n - a scroll of enchant weapon {unknown}
 q - a scroll of random uselessness {unknown}
 r - 2 scrolls of remove curse {unknown}
 u - a scroll of teleportation {unknown}
 v - a scroll of blinking
Potions
 f - 2 potions of lignification
 i - a potion of magic {unknown}
 m - a potion of haste {unknown}
 s - 2 potions of degeneration
 t - 2 potions of cancellation
Books
 e - a book of Geomancy

   Spells                             Type                      Level
   a - Sandblast                      Earth                        1
   b - Passwall                       Transmutation/Earth          2
   c - Stone Arrow                    Conjuration/Earth            3
   d - Petrify                        Transmutation/Earth          4
   e - Lee's Rapid Deconstruction     Earth                        5
Comestibles
 d - 2 bread rations
 g - 2 meat rations
 p - a royal jelly


   Skills:
 + Level 3.1 Dodging
 + Level 3.3 Stealth
 + Level 2.3 Spellcasting
 - Level 0.8 Transmutations
 + Level 4.6 Earth Magic


You couldn't memorise any spells.
You knew the following spells:

 Your Spells              Type           Power        Failure   Level  Hunger
a - Sandblast             Erth           ###...       3%          1    #......
b - Stone Arrow           Conj/Erth      #.....       22%         3    ###....
c - Passwall              Tmut/Erth      ##........   10%         2    ###....


Dungeon Overview and Level Annotations

Branches:
Dungeon (3/15)

Altars:

Annotations:
D:2 1 runed door
D:3 Sigmund


Innate Abilities, Weirdness & Mutations

You are resistant to damage.
You can heal yourself by infusing magical energy.
You passively map a small area around you.
You do not regenerate.


Message History

As you read the scroll of identify, it crumbles to dust.
w - a cursed -3 ring of slaying Drop what? 22/52 slots (_ for help) (? for menu, Esc to quit)
Okay, then.
Drop what? 22/52 slots (_ for help) (? for menu, Esc to quit)
You drop a cursed -3 ring of slaying.
Okay, then.
Unknown command.
Okay, then.
Okay, then.
You aren't carrying any items that you can evoke.
Okay, then.
Unknown command.
There is a stone staircase leading down here.
You climb downwards.
Level annotation: Sigmund
There is a stone staircase leading up here.
Sigmund casts a spell at you. The magic dart hits you!
You die...

* * #.#.#
#. , #.#.#
#. #.#.# #.
, ,#@#@# #.
, ,#.#.#
#.*, #.#.#
#.#.....#.#
#.#######.#
#.@....@..#
###########


You could see Sigmund.

Vanquished Creatures
  An adder (D:2)
  An ooze (D:2)
  A leopard gecko (D:1)
  A giant cockroach (D:2)
  3 goblins (D:2)
  3 hobgoblins (D:1)
  14 jackals
  A quokka (D:2)
  A ball python (D:1)
  4 bats
  3 frilled lizards
  2 kobolds (D:1)
  8 rats
43 creatures vanquished.

Notes
Turn   | Place    | Note
-------+----------+-------------------------------------------
     0 | D:1      | empire the Deep Dwarf Earth Elementalist began the quest for the Orb.
     0 | D:1      | Reached XP level 1. HP: 15/15 MP: 3/3
   300 | D:1      | Reached XP level 2. HP: 22/22 MP: 1/4
  1256 | D:2      | Reached XP level 3. HP: 21/28 MP: 0/6
  1344 | D:1      | Learned a level 3 spell: Stone Arrow
  1347 | D:1      | Learned a level 2 spell: Passwall
  1493 | D:2      | Noticed Sigmund
  1763 | D:2      | Found a runed door.
  2294 | D:3      | Killed from afar by Sigmund

Skill      XL: |  1  2  3 |
---------------+----------+-----
Spellcasting   | 2 |  2.3
Stealth        | 3 |  3.3
Dodging        | 3 |  3.1
Transmutations | |  0.8
Earth Magic    | |  4.6

Action                   || total
-------------------------++-------
Melee: Mace              ||    34
 Cast: Sandblast         ||    48
       Stone Arrow       ||     2
  Use: Scroll            ||     6
  Eat: Chunk             ||     3
       Fruit             ||     4
Armor: Robe              ||    18
Dodge: Dodged            ||    62
